 Dungeon Crawl Stone Soup version 0.29.1-4-g47bece8355 (webtiles) character file.

Game seed: 12367107640729716216

41767 cowcol the Severer (level 13, -4/116 HPs)
             Began as a White Draconian Berserker on Dec 6, 2022.
             Was an Elder of Trog.
             Killed by the air
             ... invoked by a wind drake
              (24 damage)
             ... on level 5 of the Lair of Beasts.
             The game lasted 01:09:36 (19413 turns).

cowcol the Severer (White Draconian Berserker)     Turns: 19413, Time: 01:09:37

Health: -4/116     AC: 14    Str: 21    XL:     13   Next: 81%
Magic:  13/13      EV: 18    Int:  8    God:    Trog [****..]
Gold:   1962       SH:  0    Dex: 20    Spells: 12/12 levels left

rFire   + . .      SeeInvis .   B - +5 executioner's axe (venom)
rCold   . . .      Faith    .   (shield currently unavailable)
rNeg    . . .      Spirit   .   (body armour unavailable)
rPois   .          Reflect  .   (helmet restricted)
rElec   .          Harm     .   (no cloak)
rCorr   .          Rampage  .   d - +2 pair of gloves
Will    .....                   k - +2 pair of boots
Stlth   +++.......              (no amulet)
HPRegen 0.29/turn               l - ring of fire
MPRegen 0.13/turn               I - +6 ring of dexterity

@: slowed, very slow
A: breathe frost, AC +8, unfitting armour, cold resistance 1, cold-blooded
a: Breathe Frost, Renounce Religion, Berserk, Trog's Hand, Brothers in Arms


You were on level 5 of the Lair of Beasts.
You worshipped Trog.
Trog was greatly pleased with you.
You visited 2 branches of the dungeon, and saw 13 of its levels.
You also visited: Bailey.

You collected 1962 gold pieces.

Inventory:

Hand Weapons
 b - a +2 dagger of freezing
 u - a +4 scimitar of flaming
 B - a +5 executioner's axe of venom (weapon)
 F - a +0 halberd
 K - a +0 falchion
 N - a +0 battleaxe
 O - a +3 battleaxe
 R - a +2 hand axe of flaming
 T - a +4 dire flail
 V - a +3 great sword
Missiles
 f - 14 boomerangs
 p - 2 javelins
 y - 13 poisoned darts
 M - a datura-tipped dart (quivered)
Armour
 d - a +2 pair of gloves (worn)
 k - a +2 pair of boots (worn)
Jewellery
 l - a ring of fire (left hand)
 I - a +6 ring of dexterity (right hand)
 L - a ring of positive energy
 P - a ring of ice
 W - a ring of positive energy
Wands
 J - a wand of iceblast (8)
 Q - a wand of polymorph (11)
 S - a wand of quicksilver (7)
 U - a wand of charming (10)
 X - a wand of flame (18)
Scrolls
 m - 5 scrolls of immolation
 n - a scroll of vulnerability {unknown}
 o - 5 scrolls of teleportation
 A - 4 scrolls of fear
 C - a scroll of silence
 E - 2 scrolls of enchant armour
 Y - a scroll of blinking {unknown}
 Z - a scroll of poison {unknown}
Potions
 e - 6 potions of berserk rage {unknown}
 h - 2 potions of haste {unknown}
 i - 3 potions of degeneration {unknown}
 j - 2 potions of invisibility {unknown}
 q - 2 potions of attraction {unknown}
 r - 5 potions of flight
 s - a potion of ambrosia {unknown}
 t - 3 potions of mutation {unknown}
 v - 6 potions of heal wounds {unknown}
 w - 4 potions of lignification {unknown}
 x - 4 potions of curing {unknown}
 z - 2 potions of brilliance {unknown}
 D - 4 potions of cancellation {unknown}
 G - 3 potions of might
 H - a potion of magic {unknown}


   Skills:
 + Level 11.4 Fighting
 - Level 4.0(7.6) Short Blades
 * Level 10.2(10.5) Long Blades
 + Level 16.2 Axes
 + Level 4.0 Throwing
 + Level 8.3 Dodging
 + Level 5.5 Stealth


You had 12 spell levels left.
You didn't know any spells.
Your spell library was empty.

Dungeon Overview and Level Annotations

Branches:
Dungeon (8/15)             Temple (0/1) D:7            Lair (5/5) D:8
  Swamp (0/4) Lair:3        Snake (0/4) Lair:2        Slime (0/5) Lair:4
 Bailey (visited)

Altars:
Elyvilon
Gozag
Qazlal
Sif Muna
Trog
Xom
The Shining One
Jiyva

Shops:
D:6 (


Innate Abilities, Weirdness & Mutations

You can breathe waves of freezing cold which knock back foes.
Your icy white scales are hard. (AC +8)
You cannot fit into any form of body armour.
Your flesh is cold resistant. (rC+)
You are cold-blooded and may be slowed by cold attacks.


Message History

The blink frog is poisoned.
The blink frog blinks! x2; The hornet stings you!
You feel as though you will be slow longer.
The elephant tramples you!
You hold your ground!
The elephant trunk-slaps you but does no damage.
The water moccasin bites you but does no damage.
The hornet barely misses you. The elephant misses you.
The elephant completely misses you.
The water moccasin bites you but does no damage.
You hear an angry hiss.
You hit the elephant.
The elephant looks as sick as possible!
The elephant is heavily wounded.
You slash the hornet! You closely miss the water moccasin.
The hornet stings you.
You feel as though you will be slow longer.
The water moccasin bites you but does no damage.
The hornet stings you!
You feel as though you will be slow longer.
The elephant closely misses you. The elephant trunk-slaps you.
The water moccasin bites you but does no damage.
You slice the elephant!!
The elephant looks as sick as possible!
The elephant is almost dead.
You slash the hornet!
You kill the hornet!
Trog accepts your kill.
You hit the water moccasin.
Your surroundings suddenly seem different.
A steam dragon and a yak come into view.
Found a stone staircase leading up.
The yak moves out of view.
Trog accepts your kill.
You feel a bit more experienced. The wind drake flaps its wings at you.
The air twists around and strikes you!
* * * LOW HITPOINT WARNING * * *
The steam dragon breathes steam at you. The ball of steam hits you. You resist.
* * * LOW HITPOINT WARNING * * *
You hear a bellow! x2
The wind drake flaps its wings at you. The air twists around and strikes you!!
You die...

#+#.#.....
...l...(...........~~
S...................# ~~~
+###................##~~~
≈~≈#...........<....~~P~
~≈~#.#...............~~ #
≈~≈#.##.Y.........§D~# ~#
~≈≈#..............§~§#~~#
'###............@k§§§~~~#
.................§.~Y~~~#
................§..~~~~~#
....#.........§§...~##~~#
...###........§....~.~ .#
.######........§....~~.~
#.#.#.P............~#~.~~~
S..................~~.~##~
.S.................~~~~~


You could see a wind drake (repels missiles), a yak and a steam dragon (catching
breath).

Vanquished Creatures
  An orc warlord (Bailey)
  A fire dragon (Lair:1)
  Josephine (Lair:3)
  4 hydras
  Erica (D:8)
  7 death yaks
  A sea snake (Lair:4)
  A manticore (Lair:3)
  7 elephants
  4 black mambas
  Joseph (D:8)
  3 cane toads
  2 torpor snails
  Psyche (D:8)
  6 rime drakes
  5 komodo dragons
  A hornet (Lair:5)
  3 polar bears
  Grinder (D:6)
  20 blink frogs
  12 wyverns
  4 wraiths (Lair:3)
  10 basilisks
  18 yaks
  Menkaure (D:5)
  7 water moccasins
  11 orc warriors (Bailey)
  3 ice beasts
  A sky beast (D:8)
  6 black bears
  An ogre (D:2)
  12 wolves (Lair:2)
  A centaur (D:8)
  A phantom (D:6)
  A kobold brigand (D:6)
  14 bullfrogs
  3 necrophages
  2 scorpions
  5 wights (D:8)
  9 killer bees (D:8)
  4 hounds
  12 jellies
  2 orc priests
  Jessica (D:3)
  10 iguanas
  6 orc wizards
  5 hell rats (Lair:3)
  11 gnolls
  12 adders
  2 shadow imps
  2 white imps
  4 ufetubi
  A worm (D:3)
  6 dart slugs
  20 orcs
  7 endoplasms
  4 giant cockroaches
  12 goblins
  13 hobgoblins
  4 jackals (D:4)
  9 kobolds
  5 quokkas
  12 ball pythons
  17 bats
  3 frilled lizards (D:1)
  6 rats
  A bush (Lair:4)
384 creatures vanquished.

Vanquished Creatures (collateral kills)
  3 yaks (Lair:1)
  An orc warrior (Bailey)
  2 jellies (Lair:4)
6 creatures vanquished.

Vanquished Creatures (others)
  An elephant (Lair:5)
  A basilisk (Lair:3)
  A jelly (Lair:4)
  A gnoll (Bailey)
  2 bushes (D:8)
  46 fungi
  51 plants
103 creatures vanquished.

Grand Total: 493 creatures vanquished

Notes
Turn   | Place    | Note
-------+----------+-------------------------------------------
     0 | D:1      | cowcol the Draconian Berserker began the quest for the Orb.
     0 | D:1      | Reached XP level 1. HP: 19/19 MP: 1/1
   279 | D:1      | Reached XP level 2. HP: 26/26 MP: 2/2
   399 | D:1      | Found a faded altar of an unknown god.
   641 | D:1      | Reached XP level 3. HP: 30/33 MP: 3/3
   923 | D:2      | Reached ** piety under Trog
  1226 | D:2      | Identified the +1 ring mail of Rynlat {-Tele Regen+ rCorr}
  1355 | D:2      | Noticed an ogre
  1364 | D:2      | Killed an ogre
  1365 | D:2      | Reached skill level 4 in Axes
  1365 | D:2      | Reached XP level 4. HP: 40/40 MP: 4/4
  1365 | D:2      | Reached XP level 5. HP: 46/46 MP: 5/5
  2246 | D:3      | Noticed Jessica
  2255 | D:3      | Killed Jessica
  2942 | D:4      | Identified the +1 leather armour of Xomm {Int+4}
  3211 | D:4      | Reached skill level 5 in Axes
  3211 | D:4      | Reached XP level 6. HP: 53/53 MP: 6/6
  3359 | D:4      | Found a glowing silver altar of Zin.
  3360 | D:4      | Identified 2 scrolls of acquirement
  3362 | D:4      | Acquired a +2 executioner's axe of venom
  3373 | D:4      | Found a stormy altar of Qazlal.
  3373 | D:4      | Found a sacrificial altar of Ru.
  3377 | D:4      | Found a shimmering altar of Xom.
  3377 | D:4      | Found a white marble altar of Elyvilon.
  3377 | D:4      | Found a stormy altar of Qazlal.
  3487 | D:4      | Reached skill level 1 in Short Blades
  3555 | D:4      | Reached *** piety under Trog
  3752 | D:4      | Reached skill level 1 in Stealth
  3950 | D:5      | Entered Level 5 of the Dungeon
  3950 | D:5      | Noticed Menkaure
  3969 | D:4      | Your scales start taking on an icy white colour.
  3969 | D:4      | Reached XP level 7. HP: 45/60 MP: 7/7
  3969 | D:4      | Gained mutation: Your flesh is cold resistant. (rC+) [White
                  | Draconian growth]
  4124 | D:4      | Reached skill level 5 in Fighting
  4184 | D:5      | Killed Menkaure
  4185 | D:5      | Reached skill level 6 in Axes
  4462 | D:5      | Found a shimmering blue altar of Sif Muna.
  4563 | D:5      | Found a stormy altar of Qazlal.
  4564 | D:5      | Found a glowing golden altar of the Shining One.
  4565 | D:5      | Found an opulent altar of Gozag.
  4748 | D:5      | Reached XP level 8. HP: 68/68 MP: 8/8
  4856 | D:5      | Reached skill level 7 in Axes
  5208 | D:6      | Noticed Grinder
  5223 | D:6      | Reached skill level 1 in Throwing
  5225 | D:6      | Killed Grinder
  5748 | D:6      | Reached skill level 8 in Axes
  5782 | D:6      | Reached skill level 1 in Long Blades
  5782 | D:6      | Reached skill level 5 in Dodging
  6026 | D:6      | Noticed a six-headed hydra
  6046 | D:6      | Acquired 891 gold pieces
  6059 | D:6      | Found a bloodstained altar of Trog.
  6075 | D:6      | Reached XP level 9. HP: 59/75 MP: 9/9
  6689 | D:6      | Found Kuacucki's Weapon Boutique.
  6818 | D:7      | Reached skill level 9 in Axes
  6887 | D:7      | Reached **** piety under Trog
  6959 | D:7      | Found a staircase to the Ecumenical Temple.
  6968 | D:7      | Found a flagged portal.
  6977 | Bailey   | Entered a bailey
  7522 | Bailey   | Reached skill level 10 in Axes
  7597 | Bailey   | Noticed an orc warlord
  7622 | Bailey   | Killed an orc warlord
  7623 | Bailey   | Reached XP level 10. HP: 68/86 MP: 10/10
  7929 | Bailey   | Reached skill level 11 in Axes
  7929 | Bailey   | Reached XP level 11. HP: 95/95 MP: 11/11
  8754 | D:6      | Killed a two-headed hydra
  9003 | D:8      | Noticed Joseph
  9021 | D:8      | Killed Joseph
  9272 | D:8      | Reached skill level 12 in Axes
  9299 | D:8      | Noticed Psyche
  9308 | D:8      | Killed Psyche
  9592 | D:8      | Noticed Erica
  9605 | D:8      | Noticed Maurice
  9622 | D:8      | Killed Erica
 10466 | D:8      | Found a staircase to the Lair.
 10551 | Lair:1   | Entered Level 1 of the Lair of Beasts
 10673 | Lair:1   | Noticed a five-headed hydra
 10682 | Lair:1   | Killed a one-headed hydra
 10737 | Lair:1   | Reached skill level 13 in Axes
 10973 | Lair:1   | Reached XP level 12. HP: 104/104 MP: 12/12
 11390 | Lair:1   | Noticed a four-headed hydra
 11396 | Lair:1   | Killed a one-headed hydra
 11608 | Lair:1   | Noticed a fire dragon
 11631 | Lair:1   | Killed a fire dragon
 11893 | Lair:1   | Reached skill level 5 in Stealth
 12699 | Lair:2   | Found a staircase to the Snake Pit.
 12747 | Lair:2   | Reached skill level 10 in Fighting
 12752 | Lair:2   | Reached skill level 14 in Axes
 13487 | Lair:3   | Noticed Josephine
 13496 | Lair:3   | Killed Josephine
 14036 | Lair:3   | Noticed a death yak
 14036 | Lair:3   | Noticed a death yak
 14036 | Lair:3   | Noticed a death yak
 14065 | Lair:2   | Killed a death yak
 14905 | Lair:3   | Found a staircase to the Swamp.
 14925 | Lair:3   | Reached XP level 13. HP: 84/114 MP: 13/13
 15384 | Lair:3   | Reached skill level 15 in Axes
 17136 | Lair:4   | Found a staircase to the Slime Pits.
 17137 | Lair:4   | Found a viscous altar of Jiyva.
 18047 | Lair:5   | Entered Level 5 of the Lair of Beasts
 18706 | Lair:5   | Reached skill level 16 in Axes
 18712 | Lair:5   | Reached skill level 10 in Long Blades
 19413 | Lair:5   | Killed from afar by a wind drake

Illustrated notes

Levels and vault maps discovered:
D:1:      psy_arrival_conway, layout_rooms,
          shapermc_ecumenical_altar_notcrosses, ebering_dispersal_statue_hall,
          grunt_decor_arrowhead
D:2:      layout_rooms, grunt_ministairs_2, nicolae_underground_beach
D:3:      layout_basic, minmay_statues_item, kennysheep_potato, uniq_jessica
D:4:      layout_loops_corners, doesnt_xom_only_xom, serial_aquarium,
          aquarium_bridge_square [aquarium_subvault_bridge,
          aquarium_subvault_wall, aquarium_subvault_wall,
          aquarium_subvault_bridge], aquarium_window_3, aquarium_window_1,
          aquarium_view_2d, minmay_snake_closets
D:5:      layout_basic, gammafunk_temple_overflow_forgotten,
          nicolae_sif_muna_little_library, uniq_menkaure
D:6:      cheibrodos_barr_body, layout_cave_pods, trog_ov_bears_minmay,
          serial_column_ruins, column_ruins_square_medium, column_ruins_grid_3,
          column_ruins_open_tiny, column_ruins_grid_3, column_ruins_open_small,
          column_ruins_columns_plus, serial_shops,
          nicolae_shop_bloodbath_and_beyond, uniq_grinder
D:7:      nicolae_cairo_tiling, layout_basic, minmay_temple_entry_crystal_x,
          enter_bailey_6, serial_rivers, chequers_serial_rivers_room_b,
          chequers_serial_rivers_large_b, chequers_serial_rivers_micro_e,
          chequers_serial_rivers_small_a
D:8:      layout_basic, minmay_lair_entry_grove, uniq_erica, uniq_joseph,
          uniq_maurice, uniq_psyche
Lair:1:   dragon1_lemuel, layout_cave_pods
Lair:2:   layout_concentric_octagons, dummy_snake_entry
Lair:3:   layout_cave_pods, minmay_swamp_entry_reptiles, special_room
          [special_room_mythical_zoo], uniq_josephine
Lair:4:   layout_regular_city, minmay_slime_entry_jelly_boxes
Lair:5:   gammafunk_lair_ancient_temple, layout_regular_city, serial_rivers,
          chequers_serial_rivers_room_b, chequers_serial_rivers_room_b,
          chequers_serial_rivers_micro_a, chequers_serial_rivers_micro_b,
          chequers_serial_rivers_large_a, infiniplex_staircase_pool

Skill      XL: |  1  2  3  4  5  6  7  8  9 10 11 12 13 |
---------------+----------------------------------------+-----
Dodging        | 3 4 5 6 7 8 |  8.3
Fighting       | 4 5 6 7 8 9 10 11 | 11.4
Axes           | 4 5 6 8 10 11 13 14 16 | 16.2
Short Blades   | 2 3 4 |  4.0
Stealth        | 1 2 4 5 |  5.5
Throwing       | 1 3 4 |  4.0
Long Blades    | 1 4 6 7 9 10 | 10.2

Action                   |  1- 3 |  4- 6 |  7- 9 | 10-12 | 13-15 || total
-------------------------+-------+-------+-------+-------+-------++-------
Melee: Hand axe          |   139 |   140 |       |    17 |       ||   296
       Tailslap          |    14 |    17 |    23 |    53 |    42 ||   149
       Executioner's axe |       |    28 |   207 |   293 |   199 ||   727
       Punch             |       |     1 |       |     1 |       ||     2
       Scimitar          |       |       |       |     9 |    10 ||    19
Throw: Stone             |     7 |       |     2 |       |       ||     9
       Boomerang         |       |     3 |     6 |       |       ||     9
       Throwing net      |       |       |     3 |       |       ||     3
       Dart              |       |       |     2 |    18 |    10 ||    30
Invok: Berserk           |     2 |     3 |    11 |    11 |    12 ||    39
       Brothers in Arms  |       |       |     1 |       |       ||     1
       Trog's Hand       |       |       |       |       |     2 ||     2
 Abil: Breathe Frost     |       |       |     4 |     8 |     3 ||    15
Evoke: Wand              |       |       |       |       |     2 ||     2
  Use: Scroll            |     3 |     4 |     7 |     7 |     4 ||    25
       Potion            |       |       |     1 |     1 |       ||     2
 Stab: Sleeping          |       |     2 |       |     3 |     2 ||     7
       Held in net/web   |       |       |     1 |       |       ||     1
       Distracted        |       |       |       |     4 |       ||     4
Armor: Skin              |    46 |    81 |    75 |   131 |    80 ||   413
Dodge: Dodged            |    99 |   116 |   181 |   341 |   191 ||   928
